AoeStats
← Mr.Buffy

Black Forest

509502501Analyzed
2v2 RM · 6d ago on Sep 27, 2026· 27m 7s· 4 players
Game mode
Random Map
Map size
Medium (4 player)
Population
200
Speed
Normal
Resources
Standard
Victory
Conquest
Starting age
Dark Age
Ending age
Imperial Age
RankedLock teamsTeams togetherTeam positionsShared explorationLock speedFull tech treeHidden civsTurbo modeCheats
Victory
Defeat
🇺🇸 Bohemians · United States
1075
+13
🇺🇸 Byzantines · United States
961
+17
🇲🇽 Japanese · Mexico
1006
-15
🇺🇸 Hindustanis · United States
998
-15
leancig
11:45 Feudal Age
14:43 Loom
17:01 Castle Age
16:27 Double-Bit Axe
16:28 Horse Collar
18:18 Bow Saw
21:50 Wheelbarrow
21:15 Gold Mining
23:53 Loom
26:01 Elite Skirmisher
Faruk4999
2:10 Loom
13:04 Feudal Age
13:58 Double-Bit Axe
16:53 Horse Collar
17:11 Stone Mining
17:15 Gold Mining
19:33 Castle Age
18:12 Wheelbarrow
17:23 Town Watch
17:35 Arson
21:28 Bow Saw
22:38 Gold Shaft Mining
22:06 Heavy Plow
25:14 Scale Mail Armor
26:02 Fishing Lines
Glowie_Bot
0:48 Loom
13:05 Feudal Age
15:24 Feudal Age
15:51 Double-Bit Axe
21:50 Fishing Lines
23:38 Wheelbarrow
26:10 Castle Age
25:21 Fletching
26:46 Wheelbarrow
Mr.Buffy
0:31 Loom
16:13 Feudal Age
19:55 Castle Age
18:11 Horse Collar
18:38 Double-Bit Axe
21:01 Heavy Plow
22:51 Chemistry
23:08 Bow Saw
24:28 Forging
26:28 Padded Archer Armor
Connection lost

Rejoining the realm…

Still unreachable

The connection could not be restored.

Session expired

The server has moved on; the page needs a fresh start.